 Dungeon Crawl Stone Soup version 0.16-a0-4020-g6ff35b5 (console) character file.

639 Monkaria the Carver (level 7, 0/66 HPs)
             Began as a Minotaur Chaos Knight on Feb 17, 2015.
             Slain by a worker ant (6 damage)
             ... on level 5 of the Dungeon.
             The game lasted 00:09:32 (4420 turns).

Monkaria the Carver (Minotaur Chaos Knight)         Turns: 4420, Time: 00:09:32

Health: 0/66       AC: 10    Str: 18 (19) XL:     7   Next: 25%
Magic:  3/3        EV: 11    Int:  7 (9)  God:    Xom [...*..]
Gold:   316        SH:  0    Dex:  6 (7)  Spells: 0 memorised, 6 levels left

rFire  . . .     SeeInvis .     a - +1 falchion (chaos)
rCold  . . .     Clarity  .     b - +3 leather armour
rNeg   . . .     SustAb   .     (no shield)
rPois  .         Gourm    .     (helmet restricted)
rElec  .         Spirit   .     v - +0 cloak
rCorr  .         Warding  .     (no gloves)
rMut   .         Stasis   .     e - +2 pair of boots
MR     .....                    (no amulet)
Stlth  ..........               (no ring)
                                (no ring)

@: confused, lethally poisoned (0 -> -2), not resistant to hostile enchantments,
extremely unstealthy
A: retaliatory headbutt, horns 2, clumsy 1, deterioration 2, spit poison 1
a: Spit Poison, Renounce Religion


You were on level 5 of the Dungeon.
You worshipped Xom.
You were a favourite toy of Xom.
You were not hungry.

You visited 1 branch of the dungeon, and saw 5 of its levels.

You collected 316 gold pieces.

Inventory:

Hand weapons
 a - a +1 falchion of chaos (weapon)
 w - a cursed -3 hammer
 B - a +0 blowgun
Missiles
 C - 14 poisoned needles
Armour
 b - a +3 leather armour (worn)
 e - a +2 pair of boots (worn)
 v - a +0 cloak (worn)
 z - the +2 cloak of the Old World {rF- rC- Str+5 Int+5}
   (You found it on level 4 of the Dungeon)

   It affects your strength (+5).
   It affects your intelligence (+5).
   It makes you vulnerable to fire.
   It makes you vulnerable to cold.
Jewellery
 i - an uncursed ring of ice
Magical devices
 l - a wand of disintegration (11)
 s - a wand of teleportation (2)
Scrolls
 d - 2 scrolls of amnesia
 p - a scroll of identify
 x - a scroll of noise {unknown}
 y - 2 scrolls of enchant weapon
 E - a scroll of enchant armour
Potions
 g - 2 potions of restore abilities
 j - 2 potions of beneficial mutation
 k - a potion of flight
 m - 3 potions of agility
 n - a potion of cure mutation {unknown}
 q - a potion of lignification {unknown}
 r - a potion of resistance {unknown}
 u - 3 potions of heal wounds {unknown}
 D - a potion of might {unknown}
Comestibles
 c - 3 bread rations
 f - 5 beef jerkies
 o - 2 meat rations
 t - a slice of pizza
 A - 4 chunks of flesh


   Skills:
 - Level 7.0 Fighting
 - Level 8.0 Long Blades
 + Level 3.0 Armour
 - Level 1.1 Dodging


You had 6 spell levels left.
You didn't know any spells.

Dungeon Overview and Level Annotations

Branches:
Dungeon (5/15)
 Temple: D:4-7

Altars:
Xom


Innate Abilities, Weirdness & Mutations

You reflexively headbutt those who attack you in melee.
You have a pair of horns on your head.
You are clumsy. (Dex -2)
Your body is deteriorating.
You can spit poison.


Message History

Things that are here:
a hand axe; a blowgun; 11 poisoned needles Unknown command.
You hit Blork. You burn Blork.
Blork is almost dead.
You feel sick.
The iguana bites you but does no damage.
The worker ant bites you but does no damage.
Unknown command.
You slash Blork!
You kill Blork!
Blork returns to his original shape as he dies.
Your Armour skill increases to level 3!
You feel sick. "Serve the mortal, my child!"
The iguana bites you.
* * * LOW HITPOINT WARNING * * *
The worker ant bites you.
You die... "It was about time."

#................#
...###............#
### #............#
########............#
#...................#
#...................#
....................#
.........a..........#
.......†@l..........#
....####.)†.........
... .5...........
............#
..........((..#
.............
#########... ..


You could see an iguana, a worker ant and a friendly iron imp.

Vanquished Creatures
  A scorpion (D:4)
  A giant frog zombie (D:5)
  Crazy Yiuf (D:3)
  2 orc priests (D:4)
  3 worker ants
  An orc wizard (D:4)
  An iguana (D:4)
  Jessica (D:3)
  A worker ant zombie (D:5)
  8 adders
  12 gnolls
  A river rat (D:3)
  2 giant mites
  2 worms (D:3)
  An adder zombie (D:5)
  6 orcs
  A bat skeleton (D:5)
  3 giant cockroaches (D:3)
  6 goblins
  5 hobgoblins
  3 jackals (D:2)
  8 kobolds
  3 quokkas
  4 ball pythons
  5 bats
  A giant gecko skeleton (D:4)
  2 giant newts (D:2)
  12 rats
97 creatures vanquished.

Vanquished Creatures (others)
  An ufetubus (D:2)
  A rat zombie (D:2)
2 creatures vanquished.

Grand Total: 99 creatures vanquished

Notes
Turn   | Place    | Note
--------------------------------------------------------------
     0 | D:1      | Monkaria, the Minotaur Chaos Knight, began the quest for the Orb.
     0 | D:1      | Reached XP level 1. HP: 19/19 MP: 1/1
   201 | D:1      | XOM: divination: detect creatures
   287 | D:1      | XOM: harmless Divn miscast
   309 | D:1      | Reached skill level 4 in Fighting
   695 | D:2      | Reached XP level 2. HP: 18/27 MP: 1/1
   867 | D:2      | Reached XP level 3. HP: 19/33 MP: 2/2
   881 | D:2      | XOM: harmless Air miscast
   947 | D:2      | XOM: divination: detect items
   964 | D:2      | Reached skill level 5 in Long Blades
   966 | D:2      | XOM: summons friendly ufetubus
   996 | D:2      | XOM: potion effect (haste)
  1014 | D:2      | XOM: divination: magic mapping
  1059 | D:1      | XOM: colour smoke trail
  1335 | D:2      | Reached XP level 4. HP: 40/40 MP: 2/2
  1623 | D:3      | Reached skill level 6 in Long Blades
  2291 | D:3      | XOM: god gift: scroll labeled CLEWNAIMYPP
  2325 | D:3      | XOM: silly message
  2327 | D:3      | Noticed Ijyb
  2329 | D:3      | Noticed Ijyb
  2329 | D:3      | Ijyb changed into Ijyb the adder
  2329 | D:3      | XOM: polymorph Ijyb -> Ijyb the adder
  2335 | D:3      | XOM: chaos cloud
  2339 | D:3      | Killed Ijyb the adder
  2355 | D:3      | Noticed Jessica
  2361 | D:3      | XOM: harmless Necr miscast
  2365 | D:3      | Killed Jessica
  2365 | D:3      | Reached XP level 5. HP: 23/46 MP: 2/2
  2481 | D:3      | Noticed Crazy Yiuf
  2492 | D:3      | Killed Crazy Yiuf
  2492 | D:3      | Reached skill level 7 in Long Blades
  2639 | D:3      | XOM: give mutations
  2639 | D:3      | Gained mutation: Scrolls take you a little longer to read. [Xom's mischief]
  2639 | D:3      | Gained mutation: Your body is slowly deteriorating. [Xom's mischief]
  2639 | D:3      | Lost mutation: Scrolls take you a little longer to read. [Xom's mischief]
  2661 | D:3      | XOM: give mutations
  2661 | D:3      | Gained mutation: Your body is deteriorating. [Xom's mischief]
  2661 | D:3      | Gained mutation: You can spit poison. [Xom's mischief]
  2661 | D:3      | Gained mutation: You are clumsy. (Dex -2) [Xom's mischief]
  3006 | D:4      | Reached XP level 6. HP: 45/52 MP: 3/3
  3017 | D:4      | XOM: smoke on damage
  3061 | D:4      | XOM: silly message
  3182 | D:3      | Reached skill level 8 in Long Blades
  3275 | D:4      | XOM: silly message
  3289 | D:4      | Reached skill level 5 in Fighting
  3502 | D:4      | Paralysed by a gnoll for 4 turns
  3691 | D:3      | XOM: scenery: 1 doors close
  3725 | D:4      | Found a shimmering altar of Xom.
  3942 | D:4      | XOM: 1-stop teleportation journey
  4077 | D:4      | Got a brightly glowing cloak
  4079 | D:4      | XOM: harmless Necr miscast
  4085 | D:4      | Identified the +2 cloak of the Old World {rF- rC- Str+5 Int+5} (You found it on level 4 of the Dungeon)
  4161 | D:4      | Reached XP level 7. HP: 64/64 MP: 3/3
  4246 | D:5      | Entered Level 5 of the Dungeon
  4398 | D:5      | Noticed Blork the orc
  4412 | D:5      | Noticed Blork
  4412 | D:5      | Blork the orc changed into Blork the giant mite
  4412 | D:5      | XOM: polymorph Blork the orc -> Blork the giant mite
  4420 | D:5      | Killed Blork the giant mite
  4420 | D:5      | XOM: summons friendly iron imp
  4420 | D:5      | Slain by a worker ant

Action                   |  1- 3 |  4- 6 |  7- 9 || total
-------------------------+-------+-------+-------++-------
Melee: Falchion          |    65 |   175 |    51 ||   291
 Fire: Blowgun           |       |       |     2 ||     2
  Use: Scroll            |       |    10 |       ||    10
       Potion            |       |       |     1 ||     1
 Stab: Invisible         |       |     2 |       ||     2
       Confused          |       |     1 |       ||     1
       Petrifying        |       |     2 |       ||     2
       Paralysed         |       |       |     2 ||     2
  Eat: Chunk             |     1 |    10 |     1 ||    12
